Devils vs Penguins
Created - 20 octobre 2014 at 20:53
Goals
|
| Devils |
1 |
0 |
1 |
2 |
| Penguins |
2 |
1 |
2 |
5 |
|
Shots
|
| Devils |
22 |
8 |
7 |
37 |
| Penguins |
10 |
13 |
10 |
33 |
|
1st period
1. Devils , Patric Hornqvist 7 (Brad Ference, Guillaume Latendresse) at 9:10
2. Penguins , Nathan Horton 6 (Simon Gagné, Steven Stamkos) at 17:30
3. Penguins , Ryan Kesler 5 (Dustin Penner, Bobby Ryan) at 17:58
Penalties :
Luke Schenn (Pit) for Delaying the game (Minor) at 10:18
2nd period
4. Penguins , Simon Gagné 9 (Brent Sopel, Steven Stamkos) at 15:28
Penalties :
Luke Schenn (Pit) for Hooking (Minor) at 2:28, Darren Reid (Pit) for Hooking (Minor) at 6:25
3rd period
5. Penguins , Peter Forsberg 8 (Steve Sullivan, Brent Sopel) at 4:03
6. Devils , Guillaume Latendresse 1 (Maxim Afinogenov, Stephen Weiss) at 5:45 (PP)
7. Penguins , Darren Reid 2 (Steve Sullivan, Sean Zimmerman) at 7:12
Penalties :
Dustin Penner (Pit) for Hooking (Minor) at 0:09, Jay McKee (Pit) for Boarding (Minor) at 1:04, Paul Ranger (Pit) for Hooking (Minor) at 4:21, Darren Reid (Pit) for Holding (Minor) at 9:19, Luke Schenn (Pit) for Tripping (Minor) at 17:35
Goalie Stats
Viktor Fasth (NJD), 28 saves from 33 shots - (0,848), L, 6-2-0, 60:00 minutes
Josh Tordjman (Pit), 35 saves from 37 shots - (0,946), W, 3-1-0, 60:00 minutes
Players Stats for Devils
Player Name G A P +/- PIM S H SB GA TA FO MP PP MP PK MP
------------------------------------------------------------------------------------
Andrej Meszaros 0 0 0 -1 0 2 1 2 2 1 0/0 22:53 8:27 0:00
Andy Greene 0 0 0 0 0 2 2 0 0 0 0/0 12:32 0:00 0:00
Antti Miettinen 0 0 0 -1 0 1 0 0 0 1 0/0 7:50 0:08 0:00
Ben Lovejoy 0 0 0 0 0 2 1 1 0 0 0/0 20:27 5:13 0:00
Brad Ference 0 1 1 -1 0 0 1 2 0 0 0/0 15:45 0:33 0:00
Dustin Boyd 0 0 0 0 0 1 0 0 0 1 3/3 10:57 0:00 0:00
Greg Stewart 0 0 0 -1 0 0 1 1 0 1 0/1 8:00 0:18 0:00
Guillaume Latendresse 1 1 2 0 0 4 2 0 2 1 0/0 20:07 7:59 0:00
Jason Arnott 0 0 0 -1 0 0 2 1 0 0 2/2 8:25 0:43 0:00
Jay Bouwmeester 0 0 0 -3 0 4 0 3 0 1 0/0 25:43 9:00 0:00
Ladislav Nagy 0 0 0 0 0 1 3 1 1 0 0/0 10:57 0:00 0:00
Maxim Afinogenov 0 1 1 -3 0 4 3 0 2 0 4/4 22:31 7:33 0:00
Mike Komisarek 0 0 0 -3 0 1 3 2 0 0 0/0 22:40 5:13 0:00
Patric Hornqvist 1 0 1 0 0 2 2 0 1 0 0/0 18:16 6:06 0:00
Patrick Eaves 0 0 0 0 0 2 5 0 0 0 0/0 10:57 0:00 0:00
Stephen Weiss 0 1 1 0 0 6 1 0 1 0 11/24 20:07 7:59 0:00
Vincent Lecavalier 0 0 0 -3 0 2 1 0 0 0 12/24 20:56 5:56 0:00
Zach Parise 0 0 0 -3 0 3 1 0 2 0 3/4 20:57 5:57 0:00
Players Stats for Penguins
Player Name G A P +/- PIM S H SB GA TA FO MP PP MP PK MP
------------------------------------------------------------------------------------
Bobby Ryan 0 1 1 0 0 3 2 1 0 0 1/2 17:17 0:00 3:47
Brent Sopel 0 2 2 2 0 3 1 4 1 0 0/0 27:16 0:00 7:50
Brian McGrattan 0 0 0 0 0 1 2 1 0 0 0/1 12:03 0:00 2:41
Brooks Orpik 0 0 0 1 0 1 1 0 1 1 0/0 24:42 0:00 6:37
Darren Reid 1 0 1 2 4 5 0 0 0 1 2/3 17:28 0:00 5:11
Denis Arkhipov 0 0 0 0 0 2 2 0 1 2 8/17 15:12 0:00 6:45
Dustin Penner 0 1 1 0 2 0 1 0 0 0 0/1 16:48 0:00 2:23
Jay McKee 0 0 0 2 2 2 0 5 0 4 0/0 25:02 0:00 6:35
Luke Schenn 0 0 0 1 6 0 3 1 0 0 0/0 18:06 0:00 0:00
Nathan Horton 1 0 1 2 0 1 1 1 1 0 0/0 10:40 0:00 0:00
Paul Ranger 0 0 0 1 2 0 1 1 0 0 0/0 10:41 0:00 1:27
Peter Forsberg 1 0 1 2 0 3 5 0 1 1 5/14 16:25 0:00 3:50
Raffi Torres 0 0 0 0 0 3 0 0 0 0 0/0 8:52 0:00 0:30
Ryan Kesler 1 0 1 0 0 1 1 0 0 1 8/14 13:18 0:00 0:00
Sean Zimmerman 0 1 1 1 0 1 0 0 1 1 0/0 14:52 0:00 5:56
Simon Gagné 1 1 2 2 0 3 1 0 0 0 0/1 10:40 0:00 0:00
Steve Sullivan 0 2 2 2 0 1 0 0 0 0 1/1 11:35 0:00 0:00
Steven Stamkos 0 2 2 2 0 3 0 0 0 0 2/8 13:38 0:00 2:15
3 Stars
1 - Simon Gagné (Pit)
2 - Peter Forsberg (Pit)
3 - Brent Sopel (Pit)
Power Play
Devils - 1 on 8 Attempt(s) - 12,50%
Penguins - 0 on 0 Attempt(s) - 0,00%
Penalty Kill
Devils - 0 on 0 Attempt(s) - 0,00%
- Score 0 goal in Penalty Kill
Penguins - 7 on 8 Attempt(s) - 87,50%
- Score 0 goal in Penalty Kill
Official
Referees : Meier Brad and Furlatt Eric
Linesman : Don Henderson and Derek Amell
Game Notes
No Game Note
Finance
Level 1 -- Attendance: 6000 (100,00%) -- Ticket Income 474 000 $
Level 2 -- Attendance: 5000 (100,00%) -- Ticket Income 225 000 $
Level 3 -- Attendance: 2000 (100,00%) -- Ticket Income 62 000 $
Level 4 -- Attendance: 3741 (93,53%) -- Ticket Income 59 856 $
Luxury Box -- Attendance: 927 (92,70%) -- Ticket Income 154 809 $
Game was played at the Igloo
Total Attendance: 17668 (98,16%)
Total Ticket Income: 975 665 $
Other Income: 146 350 $
Total Income: 1 122 015 $
Devils
5 vs 5 Forward
Center Left Wing Right Wing Time % Phy DF OF
1 Vincent Lecavalier Zach Parise Maxim Afinogenov 40 1 2 2
2 Stephen Weiss Guillaume Latendresse Patric Hornqvist 30 1 2 2
3 Dustin Boyd Ladislav Nagy Patrick Eaves 20 1 2 2
4 Jason Arnott Greg Stewart Antti Miettinen 10 1 2 2
5 vs 5 Defense
Defense Defense Time % Phy DF OF
1 Jay Bouwmeester Mike Komisarek 40 1 2 2
2 Ben Lovejoy Andy Greene 30 1 2 2
3 Brad Ference Andrej Meszaros 20 1 2 2
4 Ben Lovejoy Brad Ference 10 1 2 2
PowerPlay Forward
Center Left Wing Right Wing Time % Phy DF OF
1 Stephen Weiss Guillaume Latendresse Maxim Afinogenov 60 1 2 2
2 Vincent Lecavalier Zach Parise Patric Hornqvist 40 1 2 2
PowerPlay Defense
Defense Defense Time % Phy DF OF
1 Jay Bouwmeester Andrej Meszaros 60 1 2 2
2 Mike Komisarek Ben Lovejoy 40 1 2 2
Penalty Kill 4 Players Forward
Center Wing Time % Phy DF OF
1 Jason Arnott Zach Parise 60 1 2 2
2 Vincent Lecavalier Antti Miettinen 40 1 2 2
Penalty Kill 4 Players Defense
Defense Defense Time % Phy DF OF
1 Jay Bouwmeester Brad Ference 60 1 2 2
2 Ben Lovejoy Mike Komisarek 40 1 2 2
Penalty Kill - 3 Players Forward
Forward Time % Phy DF OF
1 Jason Arnott 60 1 2 2
2 Vincent Lecavalier 40 1 2 2
Penalty Kill - 3 Players Defense
Defense Defense Time % Phy DF OF
1 Brad Ference Ben Lovejoy 60 1 2 2
2 Mike Komisarek Jay Bouwmeester 40 1 2 2
4 vs 4 Forward
Center Wing Time % Phy DF OF
1 Stephen Weiss Zach Parise 60 1 2 2
2 Vincent Lecavalier Guillaume Latendresse 40 1 2 2
4 vs 4 Defense
Defense Defense Time % Phy DF OF
1 Brad Ference Mike Komisarek 60 1 2 2
2 Jay Bouwmeester Ben Lovejoy 40 1 2 2
Last Minutes Offensive
Center Left Wing Right Wing Defense Defense
Vincent Lecavalier Guillaume Latendresse Maxim Afinogenov Ben Lovejoy Jay Bouwmeester
Last Minutes Defensive
Center Left Wing Right Wing Defense Defense
Vincent Lecavalier Guillaume Latendresse Maxim Afinogenov Ben Lovejoy Jay Bouwmeester
Goaltenders
Starting : Viktor Fasth
Backup : Dan Ellis
Extra Forwards
Normal : Jason Arnott, Antti Miettinen, Ladislav Nagy - PP : Jason Arnott, Greg Stewart - PK : Ladislav Nagy
Extra Defensemen
Normal : Brad Ference, Mike Komisarek, Andrej Meszaros - PP : Brad Ference - PK : Brad Ference, Ben Lovejoy
Penalty Shots
Vincent Lecavalier, Patric Hornqvist, Maxim Afinogenov, Stephen Weiss, Guillaume Latendresse
Penguins
5 vs 5 Forward
Center Left Wing Right Wing Time % Phy DF OF
1 Ryan Kesler Dustin Penner Bobby Ryan 35 1 2 2
2 Steven Stamkos Simon Gagné Nathan Horton 30 1 2 2
3 Peter Forsberg Steve Sullivan Darren Reid 30 1 2 2
4 Denis Arkhipov Raffi Torres Brian McGrattan 5 1 2 2
5 vs 5 Defense
Defense Defense Time % Phy DF OF
1 Jay McKee Brent Sopel 40 1 2 2
2 Brooks Orpik Luke Schenn 35 1 2 2
3 Paul Ranger Sean Zimmerman 20 1 2 2
4 Brent Sopel Brooks Orpik 5 1 2 2
PowerPlay Forward
Center Left Wing Right Wing Time % Phy DF OF
1 Peter Forsberg Simon Gagné Bobby Ryan 60 1 0 4
2 Ryan Kesler Steven Stamkos Nathan Horton 40 1 0 4
PowerPlay Defense
Defense Defense Time % Phy DF OF
1 Brooks Orpik Brent Sopel 60 1 1 3
2 Jay McKee Luke Schenn 40 1 1 3
Penalty Kill 4 Players Forward
Center Wing Time % Phy DF OF
1 Denis Arkhipov Darren Reid 60 1 3 1
2 Peter Forsberg Bobby Ryan 40 1 3 1
Penalty Kill 4 Players Defense
Defense Defense Time % Phy DF OF
1 Jay McKee Brent Sopel 60 1 3 1
2 Brooks Orpik Sean Zimmerman 40 1 3 1
Penalty Kill - 3 Players Forward
Forward Time % Phy DF OF
1 Denis Arkhipov 60 1 3 1
2 Darren Reid 40 1 3 1
Penalty Kill - 3 Players Defense
Defense Defense Time % Phy DF OF
1 Jay McKee Brent Sopel 60 1 3 1
2 Brooks Orpik Sean Zimmerman 40 1 3 1
4 vs 4 Forward
Center Wing Time % Phy DF OF
1 Peter Forsberg Simon Gagné 60 1 2 2
2 Ryan Kesler Bobby Ryan 40 1 2 2
4 vs 4 Defense
Defense Defense Time % Phy DF OF
1 Brooks Orpik Brent Sopel 60 1 2 2
2 Jay McKee Luke Schenn 40 1 2 2
Last Minutes Offensive
Center Left Wing Right Wing Defense Defense
Ryan Kesler Simon Gagné Bobby Ryan Brent Sopel Jay McKee
Last Minutes Defensive
Center Left Wing Right Wing Defense Defense
Denis Arkhipov Darren Reid Bobby Ryan Brent Sopel Jay McKee
Goaltenders
Starting : Josh Tordjman
Backup : Brian Elliott
Extra Forwards
Normal : Darren Reid, Denis Arkhipov, Brian McGrattan - PP : Darren Reid, Dustin Penner - PK : Brian McGrattan
Extra Defensemen
Normal : Paul Ranger, Brent Sopel, Jay McKee - PP : Paul Ranger - PK : Brent Sopel, Jay McKee
Penalty Shots
Peter Forsberg, Ryan Kesler, Simon Gagné, Bobby Ryan, Steven Stamkos
% Time on Ice - Devils
Lines # - Real PCT - Wanted PCT - Time Play
Normal Forward
1 - 33% - 40% - 15:14
2 - 27% - 30% - 12:10
3 - 24% - 20% - 10:57
4 - 16% - 10% - 7:26
Normal Defense
1 - 38% - 40% - 17:14
2 - 29% - 30% - 13:27
3 - 28% - 20% - 12:55
4 - 5% - 10% - 2:11
PP Forward
1 - 57% - 60% - 8:07
2 - 43% - 40% - 6:06
PP Defense
1 - 63% - 60% - 9:00
2 - 37% - 40% - 5:13
PK Forward
1 - 0% - 60%
2 - 0% - 40%
PK Defense
1 - 0% - 60%
2 - 0% - 40%
PK3 Forward
1 - 0% - 60%
2 - 0% - 40%
PK3 Defense
1 - 0% - 60%
2 - 0% - 40%
44 Forward
1 - 0% - 60%
2 - 0% - 40%
44 Defense
1 - 0% - 60%
2 - 0% - 40%
Last Minute Offensive - 0:00
Last Minute Defensive - 0:00
Total
Forward - 60:00
Defense - 60:00
|
% Time on Ice - Penguins
Lines # - Real PCT - Wanted PCT - Time Play
Normal Forward
1 - 32% - 35% - 14:30
2 - 25% - 30% - 11:24
3 - 25% - 30% - 11:35
4 - 18% - 5% - 8:18
Normal Defense
1 - 40% - 40% - 18:18
2 - 40% - 35% - 18:08
3 - 20% - 20% - 8:56
4 - 1% - 5% - 0:25
PP Forward
1 - 0% - 60%
2 - 0% - 40%
PP Defense
1 - 0% - 60%
2 - 0% - 40%
PK Forward
1 - 70% - 60% - 9:09
2 - 30% - 40% - 4:00
PK Defense
1 - 60% - 60% - 7:52
2 - 40% - 40% - 5:17
PK3 Forward
1 - 89% - 60% - 0:57
2 - 11% - 40% - 0:07
PK3 Defense
1 - 100% - 60% - 1:04
2 - 0% - 40% - 0:00
44 Forward
1 - 0% - 60%
2 - 0% - 40%
44 Defense
1 - 0% - 60%
2 - 0% - 40%
Last Minute Offensive - 0:00
Last Minute Defensive - 0:00
Total
Forward - 60:00
Defense - 60:00
|
Play by Play
1st period
0:01 of 1st period - Maxim Afinogenov wins face-off versus Ryan Kesler in neutral zone.
0:04 of 1st period - Slapshot by Jay Bouwmeester.
0:04 of 1st period - Deflect By Vincent Lecavalier.
0:04 of 1st period - Stopped by Josh Tordjman without a rebound.
0:05 of 1st period - Ryan Kesler wins face-off versus Vincent Lecavalier in Penguins zone.
0:18 of 1st period - Slapshot by Bobby Ryan.
0:18 of 1st period - Deflect By Ryan Kesler.
0:18 of 1st period - Shot Misses the Net.
0:18 of 1st period - Puck is out of play.
0:19 of 1st period - Stephen Weiss wins face-off versus Steven Stamkos in Devils zone.
0:24 of 1st period - Andy Greene is hit by Luke Schenn and loses puck.
0:48 of 1st period - Slapshot by Luke Schenn.
0:48 of 1st period - Shot Blocked by Ben Lovejoy.
1:17 of 1st period - Icing by Sean Zimmerman.
1:18 of 1st period - Denis Arkhipov wins face-off versus Vincent Lecavalier in Penguins zone.
1:29 of 1st period - Snap shot by Denis Arkhipov.
1:29 of 1st period - Stopped by Viktor Fasth without a rebound.
1:30 of 1st period - Ryan Kesler wins face-off versus Stephen Weiss in Devils zone.
1:41 of 1st period - Slapshot by Ryan Kesler.
1:41 of 1st period - Shot Blocked by Mike Komisarek.
2:24 of 1st period - Wrist shot by Zach Parise.
2:24 of 1st period - Stopped by Josh Tordjman without a rebound.
2:25 of 1st period - Darren Reid wins face-off versus Zach Parise in Penguins zone.
3:03 of 1st period - Wrist shot by Vincent Lecavalier.
3:03 of 1st period - Deflect By Zach Parise.
3:03 of 1st period - Stopped by Josh Tordjman without a rebound.
3:04 of 1st period - Peter Forsberg wins face-off versus Stephen Weiss in Penguins zone.
3:35 of 1st period - Darren Reid is hit by Guillaume Latendresse and loses puck.
3:48 of 1st period - Snap shot by Guillaume Latendresse.
3:48 of 1st period - Stopped by Josh Tordjman without a rebound.
3:49 of 1st period - Steven Stamkos wins face-off versus Vincent Lecavalier in Penguins zone.
4:41 of 1st period - Brian McGrattan is hit by Ladislav Nagy and loses puck.
5:04 of 1st period - Snap shot by Steven Stamkos.
5:04 of 1st period - Shot Misses the Net.
5:06 of 1st period - Slapshot by Brent Sopel.
5:06 of 1st period - Shot Blocked by Mike Komisarek.
5:20 of 1st period - Snap shot by Darren Reid.
5:20 of 1st period - Stopped by Viktor Fasth without a rebound.
5:21 of 1st period - Peter Forsberg wins face-off versus Stephen Weiss in Devils zone.
5:26 of 1st period - Snap shot by Darren Reid.
5:26 of 1st period - Stopped by Viktor Fasth without a rebound.
5:27 of 1st period - Stephen Weiss wins face-off versus Ryan Kesler in Devils zone.
5:38 of 1st period - Wrist shot by Guillaume Latendresse.
5:38 of 1st period - Deflect By Stephen Weiss.
5:38 of 1st period - Stopped by Josh Tordjman with a rebound.
5:52 of 1st period - Luke Schenn is hit by Vincent Lecavalier and loses puck.
6:23 of 1st period - Slapshot by Peter Forsberg.
6:23 of 1st period - Deflect By Andy Greene.
6:23 of 1st period - Stopped by Viktor Fasth without a rebound.
6:24 of 1st period - Jason Arnott wins face-off versus Ryan Kesler in Devils zone.
6:24 of 1st period - Jason Arnott is hit by Bobby Ryan.
6:36 of 1st period - Backhand shot by Greg Stewart.
6:36 of 1st period - Shot Blocked by Jay McKee.
6:38 of 1st period - Slapshot by Andy Greene.
6:38 of 1st period - Stopped by Josh Tordjman without a rebound.
6:39 of 1st period - Peter Forsberg wins face-off versus Stephen Weiss in Penguins zone.
7:47 of 1st period - Raffi Torres is hit by Patrick Eaves and loses puck.
7:52 of 1st period - Wrist shot by Dustin Boyd.
7:52 of 1st period - Stopped by Josh Tordjman with a rebound.
7:54 of 1st period - Slapshot by Mike Komisarek.
7:54 of 1st period - Stopped by Josh Tordjman with a rebound.
7:56 of 1st period - Snap shot by Jay Bouwmeester.
7:56 of 1st period - Deflect By Ladislav Nagy.
7:56 of 1st period - Shot Misses the Net.
7:56 of 1st period - Puck is out of play.
7:57 of 1st period - Vincent Lecavalier wins face-off versus Ryan Kesler in Penguins zone.
8:22 of 1st period - Luke Schenn is hit by Ben Lovejoy and loses puck.
8:27 of 1st period - Snap shot by Stephen Weiss.
8:27 of 1st period - Stopped by Josh Tordjman with a rebound.
8:29 of 1st period - Slapshot by Brad Ference.
8:29 of 1st period - Shot Misses the Net.
8:31 of 1st period - Slapshot by Andrej Meszaros.
8:31 of 1st period - Stopped by Josh Tordjman without a rebound.
8:32 of 1st period - Dustin Boyd wins face-off versus Peter Forsberg in Penguins zone.
8:33 of 1st period - Wrist shot by Ladislav Nagy.
8:33 of 1st period - Stopped by Josh Tordjman with a rebound.
9:01 of 1st period - Wrist shot by Guillaume Latendresse.
9:01 of 1st period - Shot Blocked by Jay McKee.
9:10 of 1st period - Wrist shot by Patric Hornqvist.
9:10 of 1st period - Goal by Patric Hornqvist - Devils : 1 - Penguins : 0.
9:11 of 1st period - Vincent Lecavalier wins face-off versus Simon Gagné in neutral zone.
9:19 of 1st period - Zach Parise is hit by Brooks Orpik.
9:50 of 1st period - Slapshot by Stephen Weiss.
9:50 of 1st period - Stopped by Josh Tordjman with a rebound.
9:52 of 1st period - Slapshot by Ben Lovejoy.
9:52 of 1st period - Stopped by Josh Tordjman with a rebound.
10:18 of 1st period - Minor Penalty to Luke Schenn for Delaying the game.
10:19 of 1st period - Denis Arkhipov wins face-off versus Stephen Weiss in Penguins zone.
10:34 of 1st period - Wrist shot by Stephen Weiss.
10:34 of 1st period - Shot Misses the Net.
12:18 of 1st period - Penalty to Luke Schenn is over, Luke Schenn is back on ice.
12:36 of 1st period - Sean Zimmerman is hit by Patrick Eaves and loses puck.
14:07 of 1st period - Dustin Penner is hit by Brad Ference and loses puck.
14:57 of 1st period - Jay McKee is hit by Patric Hornqvist and loses puck.
15:21 of 1st period - Brent Sopel is hit by Maxim Afinogenov and loses puck.
15:43 of 1st period - Sean Zimmerman is hit by Mike Komisarek and loses puck.
15:47 of 1st period - Icing by Sean Zimmerman.
15:48 of 1st period - Dustin Boyd wins face-off versus Denis Arkhipov in Penguins zone.
15:57 of 1st period - Denis Arkhipov is hit by Ladislav Nagy and loses puck.
16:15 of 1st period - Wrist shot by Brooks Orpik.
16:15 of 1st period - Stopped by Viktor Fasth with a rebound.
16:17 of 1st period - Wrist shot by Denis Arkhipov.
16:17 of 1st period - Shot Misses the Net.
16:19 of 1st period - Wrist shot by Brian McGrattan.
16:19 of 1st period - Shot Misses the Net.
16:21 of 1st period - Slapshot by Brooks Orpik.
16:21 of 1st period - Deflect By Brian McGrattan.
16:21 of 1st period - Shot Misses the Net.
16:21 of 1st period - Puck is out of play.
16:22 of 1st period - Steve Sullivan wins face-off versus Vincent Lecavalier in Devils zone.
16:23 of 1st period - Snap shot by Peter Forsberg.
16:23 of 1st period - Stopped by Viktor Fasth with a rebound.
17:14 of 1st period - Icing by Simon Gagné.
17:15 of 1st period - Steven Stamkos wins face-off versus Greg Stewart in Penguins zone.
17:24 of 1st period - Slapshot by Steven Stamkos.
17:24 of 1st period - Deflect By Simon Gagné.
17:24 of 1st period - Stopped by Viktor Fasth with a rebound.
17:26 of 1st period - Wrist shot by Simon Gagné.
17:26 of 1st period - Shot Misses the Net.
17:28 of 1st period - Wrist shot by Nathan Horton.
17:28 of 1st period - Shot Blocked by Jason Arnott.
17:30 of 1st period - Snap shot by Nathan Horton.
17:30 of 1st period - Goal by Nathan Horton - Devils : 1 - Penguins : 1.
17:31 of 1st period - Zach Parise wins face-off versus Peter Forsberg in neutral zone.
17:34 of 1st period - Slapshot by Vincent Lecavalier.
17:34 of 1st period - Shot Blocked by Jay McKee.
17:36 of 1st period - Wrist shot by Vincent Lecavalier.
17:36 of 1st period - Stopped by Josh Tordjman with a rebound.
17:38 of 1st period - Wrist shot by Zach Parise.
17:38 of 1st period - Shot Misses the Net.
17:40 of 1st period - Slapshot by Andy Greene.
17:40 of 1st period - Shot Blocked by Brent Sopel.
17:42 of 1st period - Wrist shot by Andy Greene.
17:42 of 1st period - Shot Misses the Net.
17:44 of 1st period - Slapshot by Andy Greene.
17:44 of 1st period - Shot Blocked by Brent Sopel.
17:46 of 1st period - Backhand shot by Ben Lovejoy.
17:46 of 1st period - Deflect By Maxim Afinogenov.
17:46 of 1st period - Stopped by Josh Tordjman without a rebound.
17:47 of 1st period - Ryan Kesler wins face-off versus Stephen Weiss in Penguins zone.
17:54 of 1st period - Slapshot by Jay McKee.
17:54 of 1st period - Shot Misses the Net.
17:56 of 1st period - Snap shot by Bobby Ryan.
17:56 of 1st period - Shot Blocked by Jay Bouwmeester.
17:58 of 1st period - Snap shot by Dustin Penner.
17:58 of 1st period - Deflect By Ryan Kesler.
17:58 of 1st period - Goal by Ryan Kesler - Devils : 1 - Penguins : 2.
17:59 of 1st period - Ryan Kesler wins face-off versus Vincent Lecavalier in neutral zone.
18:10 of 1st period - Wrist shot by Bobby Ryan.
18:10 of 1st period - Stopped by Viktor Fasth with a rebound.
18:32 of 1st period - Snap shot by Guillaume Latendresse.
18:32 of 1st period - Shot Blocked by Brent Sopel.
18:34 of 1st period - Snap shot by Andy Greene.
18:34 of 1st period - Deflect By Brent Sopel.
18:34 of 1st period - Stopped by Josh Tordjman without a rebound.
18:35 of 1st period - Stephen Weiss wins face-off versus Steven Stamkos in Penguins zone.
18:42 of 1st period - Wrist shot by Patric Hornqvist.
18:42 of 1st period - Stopped by Josh Tordjman with a rebound.
18:44 of 1st period - Slapshot by Stephen Weiss.
18:44 of 1st period - Stopped by Josh Tordjman without a rebound.
18:45 of 1st period - Stephen Weiss wins face-off versus Steven Stamkos in Penguins zone.
18:56 of 1st period - Snap shot by Stephen Weiss.
18:56 of 1st period - Deflect By Guillaume Latendresse.
18:56 of 1st period - Stopped by Josh Tordjman with a rebound.
18:58 of 1st period - Wrist shot by Stephen Weiss.
18:58 of 1st period - Stopped by Josh Tordjman with a rebound.
19:00 of 1st period - Snap shot by Stephen Weiss.
19:00 of 1st period - Shot Blocked by Nathan Horton.
19:02 of 1st period - Slapshot by Stephen Weiss.
19:02 of 1st period - Stopped by Josh Tordjman with a rebound.
19:57 of 1st period - Off-side.
19:58 of 1st period - Bobby Ryan wins face-off versus Vincent Lecavalier in neutral zone.
Goals for this period are 1 for Devils vs 2 for Penguins.
Shots for this period are 22 for Devils vs 10 for Penguins.
2nd period
0:01 of 2nd period - Zach Parise wins face-off versus Bobby Ryan in neutral zone.
0:10 of 2nd period - Snap shot by Maxim Afinogenov.
0:10 of 2nd period - Stopped by Josh Tordjman with a rebound.
1:31 of 2nd period - Wrist shot by Bobby Ryan.
1:31 of 2nd period - Deflect By Denis Arkhipov.
1:31 of 2nd period - Shot Blocked by Jay Bouwmeester.
1:31 of 2nd period - Puck is out of play.
1:32 of 2nd period - Vincent Lecavalier wins face-off versus Denis Arkhipov in Devils zone.
1:32 of 2nd period - Vincent Lecavalier is hit by Brian McGrattan.
1:40 of 2nd period - Vincent Lecavalier is hit by Luke Schenn and loses puck.
1:45 of 2nd period - Snap shot by Raffi Torres.
1:45 of 2nd period - Stopped by Viktor Fasth without a rebound.
1:46 of 2nd period - Peter Forsberg wins face-off versus Vincent Lecavalier in Devils zone.
1:47 of 2nd period - Wrist shot by Darren Reid.
1:47 of 2nd period - Stopped by Viktor Fasth without a rebound.
1:48 of 2nd period - Zach Parise wins face-off versus Peter Forsberg in Devils zone.
1:53 of 2nd period - Slapshot by Ben Lovejoy.
1:53 of 2nd period - Stopped by Josh Tordjman with a rebound.
2:28 of 2nd period - Minor Penalty to Luke Schenn for Hooking.
2:29 of 2nd period - Stephen Weiss wins face-off versus Denis Arkhipov in Penguins zone.
4:28 of 2nd period - Penalty to Luke Schenn is over, Luke Schenn is back on ice.
4:32 of 2nd period - Brooks Orpik is hit by Jason Arnott.
4:52 of 2nd period - Snap shot by Dustin Boyd.
4:52 of 2nd period - Shot Misses the Net.
6:09 of 2nd period - Icing by Brent Sopel.
6:10 of 2nd period - Denis Arkhipov wins face-off versus Vincent Lecavalier in Penguins zone.
6:19 of 2nd period - Slapshot by Brent Sopel.
6:19 of 2nd period - Stopped by Viktor Fasth without a rebound.
6:20 of 2nd period - Vincent Lecavalier wins face-off versus Darren Reid in Devils zone.
6:22 of 2nd period - Icing by Ben Lovejoy.
6:23 of 2nd period - Vincent Lecavalier wins face-off versus Peter Forsberg in Devils zone.
6:25 of 2nd period - Minor Penalty to Darren Reid for Hooking.
6:26 of 2nd period - Stephen Weiss wins face-off versus Denis Arkhipov in Penguins zone.
6:28 of 2nd period - Snap shot by Stephen Weiss.
6:28 of 2nd period - Shot Blocked by Brian McGrattan.
6:30 of 2nd period - Slapshot by Maxim Afinogenov.
6:30 of 2nd period - Stopped by Josh Tordjman without a rebound.
6:31 of 2nd period - Maxim Afinogenov wins face-off versus Brian McGrattan in Penguins zone.
6:42 of 2nd period - Slapshot by Guillaume Latendresse.
6:42 of 2nd period - Shot Blocked by Jay McKee.
6:44 of 2nd period - Snap shot by Stephen Weiss.
6:44 of 2nd period - Deflect By Guillaume Latendresse.
6:44 of 2nd period - Shot Blocked by Jay McKee.
6:44 of 2nd period - Puck is out of play.
6:45 of 2nd period - Maxim Afinogenov wins face-off versus Denis Arkhipov in Penguins zone.
7:12 of 2nd period - Andrej Meszaros is hit by Denis Arkhipov and loses puck.
7:23 of 2nd period - Dustin Penner is hit by Andrej Meszaros.
7:33 of 2nd period - Slapshot by Andrej Meszaros.
7:33 of 2nd period - Shot Misses the Net.
7:55 of 2nd period - Ben Lovejoy is hit by Denis Arkhipov.
8:25 of 2nd period - Penalty to Darren Reid is over, Darren Reid is back on ice.
8:53 of 2nd period - Snap shot by Steven Stamkos.
8:53 of 2nd period - Stopped by Viktor Fasth without a rebound.
8:54 of 2nd period - Jason Arnott wins face-off versus Peter Forsberg in Devils zone.
8:54 of 2nd period - Jason Arnott is hit by Peter Forsberg.
9:00 of 2nd period - Darren Reid is hit by Andy Greene and loses puck.
9:07 of 2nd period - Steve Sullivan is hit by Greg Stewart and loses puck.
9:27 of 2nd period - Slapshot by Brent Sopel.
9:27 of 2nd period - Stopped by Viktor Fasth without a rebound.
9:28 of 2nd period - Vincent Lecavalier wins face-off versus Steven Stamkos in Devils zone.
9:28 of 2nd period - Maxim Afinogenov is hit by Simon Gagné and loses puck.
9:53 of 2nd period - Peter Forsberg is hit by Patric Hornqvist and loses puck.
10:33 of 2nd period - Off-side.
10:34 of 2nd period - Vincent Lecavalier wins face-off versus Denis Arkhipov in neutral zone.
11:23 of 2nd period - Wrist shot by Dustin Boyd.
11:23 of 2nd period - Shot Blocked by Paul Ranger.
11:25 of 2nd period - Snap shot by Jay Bouwmeester.
11:25 of 2nd period - Deflect By Dustin Penner.
11:25 of 2nd period - Stopped by Josh Tordjman with a rebound.
11:27 of 2nd period - Snap shot by Patrick Eaves.
11:27 of 2nd period - Stopped by Josh Tordjman with a rebound.
11:29 of 2nd period - Snap shot by Patrick Eaves.
11:29 of 2nd period - Stopped by Josh Tordjman with a rebound.
11:31 of 2nd period - Backhand shot by Dustin Boyd.
11:31 of 2nd period - Shot Blocked by Bobby Ryan.
11:41 of 2nd period - Antti Miettinen is hit by Nathan Horton and loses puck.
12:00 of 2nd period - Snap shot by Raffi Torres.
12:00 of 2nd period - Stopped by Viktor Fasth with a rebound.
12:02 of 2nd period - Snap shot by Brian McGrattan.
12:02 of 2nd period - Shot Misses the Net.
12:04 of 2nd period - Backhand shot by Sean Zimmerman.
12:04 of 2nd period - Shot Blocked by Andrej Meszaros.
12:06 of 2nd period - Slapshot by Brian McGrattan.
12:06 of 2nd period - Shot Blocked by Andrej Meszaros.
12:08 of 2nd period - Backhand shot by Denis Arkhipov.
12:08 of 2nd period - Shot Misses the Net.
12:10 of 2nd period - Wrist shot by Sean Zimmerman.
12:10 of 2nd period - Shot Blocked by Brad Ference.
12:28 of 2nd period - Wrist shot by Peter Forsberg.
12:28 of 2nd period - Shot Misses the Net.
12:30 of 2nd period - Wrist shot by Steve Sullivan.
12:30 of 2nd period - Stopped by Viktor Fasth with a rebound.
13:08 of 2nd period - Snap shot by Simon Gagné.
13:08 of 2nd period - Stopped by Viktor Fasth without a rebound.
13:09 of 2nd period - Maxim Afinogenov wins face-off versus Peter Forsberg in Devils zone.
13:09 of 2nd period - Maxim Afinogenov is hit by Peter Forsberg.
13:12 of 2nd period - Icing by Zach Parise.
13:13 of 2nd period - Vincent Lecavalier wins face-off versus Peter Forsberg in Devils zone.
14:23 of 2nd period - Denis Arkhipov is hit by Maxim Afinogenov and loses puck.
14:40 of 2nd period - Brooks Orpik is hit by Guillaume Latendresse and loses puck.
14:49 of 2nd period - Stephen Weiss is hit by Paul Ranger and loses puck.
15:10 of 2nd period - Snap shot by Jason Arnott.
15:10 of 2nd period - Shot Misses the Net.
15:12 of 2nd period - Wrist shot by Jason Arnott.
15:12 of 2nd period - Deflect By Antti Miettinen.
15:12 of 2nd period - Stopped by Josh Tordjman without a rebound.
15:13 of 2nd period - Vincent Lecavalier wins face-off versus Steven Stamkos in Penguins zone.
15:24 of 2nd period - Snap shot by Steven Stamkos.
15:24 of 2nd period - Shot Misses the Net.
15:26 of 2nd period - Slapshot by Brent Sopel.
15:26 of 2nd period - Stopped by Viktor Fasth with a rebound.
15:28 of 2nd period - Snap shot by Simon Gagné.
15:28 of 2nd period - Goal by Simon Gagné - Devils : 1 - Penguins : 3.
15:29 of 2nd period - Ryan Kesler wins face-off versus Vincent Lecavalier in neutral zone.
15:34 of 2nd period - Wrist shot by Ryan Kesler.
15:34 of 2nd period - Shot Blocked by Jay Bouwmeester.
16:19 of 2nd period - Steven Stamkos is hit by Ladislav Nagy and loses puck.
16:32 of 2nd period - Slapshot by Brent Sopel.
16:32 of 2nd period - Deflect By Raffi Torres.
16:32 of 2nd period - Stopped by Viktor Fasth with a rebound.
16:38 of 2nd period - Brian McGrattan is hit by Jason Arnott and loses puck.
16:45 of 2nd period - Brooks Orpik is hit by Andy Greene and loses puck.
17:06 of 2nd period - Snap shot by Ryan Kesler.
17:06 of 2nd period - Deflect By Bobby Ryan.
17:06 of 2nd period - Stopped by Viktor Fasth with a rebound.
17:36 of 2nd period - Backhand shot by Steven Stamkos.
17:36 of 2nd period - Stopped by Viktor Fasth without a rebound.
17:37 of 2nd period - Dustin Boyd wins face-off versus Steven Stamkos in Devils zone.
17:42 of 2nd period - Slapshot by Jay Bouwmeester.
17:42 of 2nd period - Stopped by Josh Tordjman without a rebound.
17:43 of 2nd period - Ryan Kesler wins face-off versus Vincent Lecavalier in Penguins zone.
18:58 of 2nd period - Snap shot by Ryan Kesler.
18:58 of 2nd period - Shot Blocked by Greg Stewart.
19:00 of 2nd period - Snap shot by Luke Schenn.
19:00 of 2nd period - Shot Misses the Net.
19:02 of 2nd period - Wrist shot by Bobby Ryan.
19:02 of 2nd period - Shot Blocked by Brad Ference.
19:16 of 2nd period - Slapshot by Denis Arkhipov.
19:16 of 2nd period - Shot Misses the Net.
Goals for this period are 0 for Devils vs 1 for Penguins.
Shots for this period are 8 for Devils vs 13 for Penguins.
3rd period
0:01 of 3rd period - Ryan Kesler wins face-off versus Vincent Lecavalier in neutral zone.
0:09 of 3rd period - Minor Penalty to Dustin Penner for Hooking.
0:10 of 3rd period - Denis Arkhipov wins face-off versus Stephen Weiss in Penguins zone.
0:18 of 3rd period - Slapshot by Jay Bouwmeester.
0:18 of 3rd period - Stopped by Josh Tordjman with a rebound.
0:20 of 3rd period - Slapshot by Stephen Weiss.
0:20 of 3rd period - Shot Blocked by Brent Sopel.
0:22 of 3rd period - Snap shot by Andrej Meszaros.
0:22 of 3rd period - Stopped by Josh Tordjman without a rebound.
0:23 of 3rd period - Denis Arkhipov wins face-off versus Stephen Weiss in Penguins zone.
1:04 of 3rd period - Minor Penalty to Jay McKee for Boarding.
1:05 of 3rd period - Stephen Weiss wins face-off versus Denis Arkhipov in Penguins zone.
1:40 of 3rd period - Snap shot by Zach Parise.
1:40 of 3rd period - Stopped by Josh Tordjman without a rebound.
1:41 of 3rd period - Stephen Weiss wins face-off versus Denis Arkhipov in Penguins zone.
1:50 of 3rd period - Denis Arkhipov is hit by Stephen Weiss and loses puck.
2:09 of 3rd period - Penalty to Dustin Penner is over, Dustin Penner is back on ice.
3:04 of 3rd period - Penalty to Jay McKee is over, Jay McKee is back on ice.
3:07 of 3rd period - Snap shot by Bobby Ryan.
3:07 of 3rd period - Stopped by Viktor Fasth with a rebound.
3:09 of 3rd period - Snap shot by Steven Stamkos.
3:09 of 3rd period - Shot Misses the Net.
3:11 of 3rd period - Snap shot by Steven Stamkos.
3:11 of 3rd period - Stopped by Viktor Fasth with a rebound.
3:13 of 3rd period - Snap shot by Sean Zimmerman.
3:13 of 3rd period - Deflect By Dustin Boyd.
3:13 of 3rd period - Stopped by Viktor Fasth with a rebound.
3:21 of 3rd period - Nathan Horton is hit by Mike Komisarek and loses puck.
4:03 of 3rd period - Wrist shot by Peter Forsberg.
4:03 of 3rd period - Goal by Peter Forsberg - Devils : 1 - Penguins : 4.
4:04 of 3rd period - Vincent Lecavalier wins face-off versus Ryan Kesler in neutral zone.
4:16 of 3rd period - Slapshot by Andrej Meszaros.
4:16 of 3rd period - Shot Blocked by Luke Schenn.
4:18 of 3rd period - Slapshot by Andrej Meszaros.
4:18 of 3rd period - Deflect By Zach Parise.
4:18 of 3rd period - Shot Hit the Post.
4:18 of 3rd period - Puck is out of play.
4:19 of 3rd period - Peter Forsberg wins face-off versus Stephen Weiss in Penguins zone.
4:21 of 3rd period - Minor Penalty to Paul Ranger for Hooking.
4:22 of 3rd period - Denis Arkhipov wins face-off versus Stephen Weiss in Penguins zone.
4:58 of 3rd period - Snap shot by Zach Parise.
4:58 of 3rd period - Shot Misses the Net.
5:00 of 3rd period - Slapshot by Jay Bouwmeester.
5:00 of 3rd period - Stopped by Josh Tordjman without a rebound.
5:01 of 3rd period - Denis Arkhipov wins face-off versus Stephen Weiss in Penguins zone.
5:33 of 3rd period - Off-side.
5:34 of 3rd period - Stephen Weiss wins face-off versus Peter Forsberg in neutral zone.
5:43 of 3rd period - Snap shot by Maxim Afinogenov.
5:43 of 3rd period - Stopped by Josh Tordjman with a rebound.
5:45 of 3rd period - Snap shot by Guillaume Latendresse.
5:45 of 3rd period - Goal by Guillaume Latendresse - Devils : 2 - Penguins : 4.
5:46 of 3rd period - Vincent Lecavalier wins face-off versus Ryan Kesler in neutral zone.
5:58 of 3rd period - Off-side.
5:59 of 3rd period - Darren Reid wins face-off versus Vincent Lecavalier in neutral zone.
6:24 of 3rd period - Patric Hornqvist is hit by Bobby Ryan and loses puck.
6:47 of 3rd period - Jay Bouwmeester is hit by Luke Schenn and loses puck.
7:12 of 3rd period - Wrist shot by Darren Reid.
7:12 of 3rd period - Goal by Darren Reid - Devils : 2 - Penguins : 5.
7:13 of 3rd period - Vincent Lecavalier wins face-off versus Dustin Penner in neutral zone.
7:59 of 3rd period - Snap shot by Steven Stamkos.
7:59 of 3rd period - Shot Misses the Net.
8:49 of 3rd period - Jay McKee is hit by Maxim Afinogenov.
9:19 of 3rd period - Minor Penalty to Darren Reid for Holding.
9:20 of 3rd period - Denis Arkhipov wins face-off versus Stephen Weiss in Penguins zone.
9:45 of 3rd period - Patric Hornqvist is hit by Dustin Penner.
10:44 of 3rd period - Guillaume Latendresse is hit by Brent Sopel and loses puck.
11:19 of 3rd period - Penalty to Darren Reid is over, Darren Reid is back on ice.
12:28 of 3rd period - Wrist shot by Peter Forsberg.
12:28 of 3rd period - Shot Blocked by Ladislav Nagy.
12:43 of 3rd period - Brad Ference is hit by Brian McGrattan and loses puck.
13:11 of 3rd period - Mike Komisarek is hit by Peter Forsberg and loses puck.
13:20 of 3rd period - Backhand shot by Darren Reid.
13:20 of 3rd period - Stopped by Viktor Fasth with a rebound.
14:05 of 3rd period - Antti Miettinen is hit by Ryan Kesler and loses puck.
14:18 of 3rd period - Ryan Kesler is hit by Mike Komisarek and loses puck.
14:31 of 3rd period - Peter Forsberg is hit by Patrick Eaves.
14:35 of 3rd period - Steve Sullivan is hit by Patrick Eaves and loses puck.
15:01 of 3rd period - Wrist shot by Raffi Torres.
15:01 of 3rd period - Shot Misses the Net.
15:03 of 3rd period - Wrist shot by Jay McKee.
15:03 of 3rd period - Stopped by Viktor Fasth without a rebound.
15:04 of 3rd period - Stephen Weiss wins face-off versus Denis Arkhipov in Devils zone.
15:39 of 3rd period - Brent Sopel is hit by Patrick Eaves.
15:55 of 3rd period - Denis Arkhipov is hit by Zach Parise and loses puck.
16:16 of 3rd period - Snap shot by Brian McGrattan.
16:16 of 3rd period - Stopped by Viktor Fasth with a rebound.
16:18 of 3rd period - Slapshot by Jay McKee.
16:18 of 3rd period - Stopped by Viktor Fasth with a rebound.
16:20 of 3rd period - Slapshot by Jay McKee.
16:20 of 3rd period - Deflect By Denis Arkhipov.
16:20 of 3rd period - Stopped by Viktor Fasth with a rebound.
17:13 of 3rd period - Snap shot by Vincent Lecavalier.
17:13 of 3rd period - Deflect By Maxim Afinogenov.
17:13 of 3rd period - Shot Misses the Net.
17:13 of 3rd period - Puck is out of play.
17:14 of 3rd period - Ryan Kesler wins face-off versus Stephen Weiss in Penguins zone.
17:27 of 3rd period - Snap shot by Guillaume Latendresse.
17:27 of 3rd period - Stopped by Josh Tordjman with a rebound.
17:29 of 3rd period - Wrist shot by Stephen Weiss.
17:29 of 3rd period - Shot Hit the Post.
17:35 of 3rd period - Minor Penalty to Luke Schenn for Tripping.
17:36 of 3rd period - Stephen Weiss wins face-off versus Peter Forsberg in Penguins zone.
18:17 of 3rd period - Stephen Weiss is hit by Peter Forsberg and loses puck.
19:27 of 3rd period - Vincent Lecavalier is hit by Peter Forsberg and loses puck.
19:35 of 3rd period - Penalty to Luke Schenn is over, Luke Schenn is back on ice.
Goals for this period are 1 for Devils vs 2 for Penguins.
Shots for this period are 7 for Devils vs 10 for Penguins.
Output by the SimonT Hockey Simulator (STHS) for François Prévost -- Original Page W3C XHTML 1.0 Valid